 Dungeon Crawl Stone Soup version 0.26-a0-26-ge22fd8933b (webtiles) character file.

Game seed: 12769229857436644079, levelgen mode: deterministic

175 FHLogan the Chopper (level 5, -14/47 HPs)
             Began as a Hill Orc Berserker on May 27, 2020.
             Was a Priest of Trog.
             Blown up by Ijyb (29 damage)
             ... with a disintegration bolt
             ... on level 3 of the Dungeon.
             The game lasted 00:12:20 (3100 turns).

FHLogan the Chopper (Hill Orc Berserker)            Turns: 3100, Time: 00:12:25

Health: -14/47     AC:  9    Str: 21    XL:     5   Next: 55%
Magic:  5/5        EV: 11    Int:  7    God:    Trog [***...]
Gold:   71         SH:  0    Dex: 10    Spells: 4/4 levels left

rFire    . . .     SeeInvis .   a - +1 hand axe
rCold    . . .     Gourm    .   (no shield)
rNeg     . . .     Faith    +   v - +3 ring mail
rPois    .         Spirit   .   (no helmet)
rElec    .         Reflect  .   (no cloak)
rCorr    .         Harm     .   d - +0 pair of gloves
MR       .....                  (no boots)
Stlth    +.........             r - amulet of faith
HPRegen  0.15/turn              (no ring)
MPRegen  0.09/turn              (no ring)

@: no status effects
A: no striking features
a: Berserk, Trog's Hand, Renounce Religion


You were on level 3 of the Dungeon.
You worshipped Trog.
Trog was most pleased with you.
You were not hungry.

You visited 1 branch of the dungeon, and saw 3 of its levels.

You collected 71 gold pieces.

Inventory:

Hand Weapons
 a - a +1 hand axe (weapon)
Missiles
 f - 31 bolts
 g - 38 stones
 q - 13 boomerangs (quivered)
 u - 26 arrows
 w - 5 large rocks
Armour
 b - a +0 animal skin
 d - a +0 pair of gloves (worn)
 v - a +3 ring mail (worn)
Jewellery
 r - an amulet of faith (around neck)
Scrolls
 e - 2 scrolls of remove curse
 k - 3 scrolls of teleportation
 m - a scroll of fog {unknown}
 n - a scroll of identify
 o - 2 scrolls of enchant weapon
 s - a scroll of magic mapping
 y - a scroll of amnesia {unknown}
Potions
 i - 2 potions of heal wounds {unknown}
 j - 2 potions of magic {unknown}
 l - 5 potions of curing {unknown}
 p - a potion of stabbing {unknown}
 t - a potion of mutation {unknown}
 x - a potion of brilliance {unknown}
 z - a potion of resistance {unknown}
 A - 2 potions of berserk rage {unknown}
Comestibles
 c - 4 rations
 h - a chunk of flesh


   Skills:
 + Level 4.4 Fighting
 + Level 5.8 Axes
 + Level 1.6 Throwing
 + Level 3.0 Armour
 + Level 2.1 Dodging
 + Level 0.3 Stealth


You had 4 spell levels left.
You didn't know any spells.
Your spell library was empty.

Dungeon Overview and Level Annotations

Branches:
Dungeon (3/15)

Altars:
Qazlal

Annotations:
D:3 Ijyb


Message History

Press: ? - help, Shift-Dir - straight line, f/p - Ijyb
Aim: Ijyb, wielding a +4 club, wearing a +0 leather armour and carrying a wand of disintegration (6)
You throw a boomerang. The boomerang hits Ijyb.
Ijyb is lightly wounded.
Throwing (i - inventory. (/) - cycle)
q - 13 boomerangs (quivered)
Press: ? - help, Shift-Dir - straight line, f/p - Ijyb
Aim: Ijyb, wielding a +4 club, wearing a +0 leather armour and carrying a wand of disintegration (6) (lightly wounded)
You throw a boomerang. The boomerang hits Ijyb!
Ijyb is moderately wounded.
Ijyb screams, "Me very upset!"
Throwing (i - inventory. (/) - cycle)
q - 13 boomerangs (quivered)
Press: ? - help, Shift-Dir - straight line, f/p - Ijyb
Aim: Ijyb, wielding a +4 club, wearing a +0 leather armour and carrying a wand of disintegration (6) (moderately wounded)
You throw a boomerang. The boomerang hits Ijyb.
Ijyb is severely wounded.
Ijyb zaps a wand.
You are blasted!
Ouch! That really hurt!
Ijyb zaps a wand.
You are blasted!
Ouch! That really hurt!
You die...

#...[...# #..
###.......###### ..
................ ##.#
####..#'######## ...
....<#.........
####.######..#.#.######
#......................
##............##########
.....g.@.#.#............
.......#.#.#.###########
.#####...#.#.# #
#...#.#.# # #...#.#.# #
#.#.#.#.# # #.#...#.####
# #.#.. #....# # #..
#....# #


You could see Ijyb.

Vanquished Creatures
  A hound (D:3)
  Jessica (D:2)
  4 adders (D:2)
  2 oozes
  4 worms
  2 dart slugs
  2 leopard geckos
  An orc (D:3)
  5 bats
  5 giant cockroaches
  4 goblins
  A hobgoblin (D:2)
  10 jackals
  A quokka (D:3)
  4 frilled lizards
  8 kobolds
  6 rats
61 creatures vanquished.

Notes
Turn   | Place    | Note
-------+----------+-------------------------------------------
     0 | D:1      | FHLogan the Hill Orc Berserker began the quest for the Orb.
     0 | D:1      | Reached XP level 1. HP: 19/19 MP: 1/1
    97 | D:1      | Reached XP level 2. HP: 17/27 MP: 2/2
   983 | D:2      | Reached XP level 3. HP: 33/33 MP: 3/3
  1043 | D:2      | Reached skill level 5 in Axes
  1234 | D:2      | Reached ** piety under Trog
  1373 | D:2      | Reached XP level 4. HP: 35/41 MP: 4/4
  2209 | D:2      | Noticed Jessica
  2212 | D:2      | Killed Jessica
  2212 | D:2      | Reached XP level 5. HP: 47/47 MP: 5/5
  2322 | D:2      | Reached skill level 1 in Throwing
  2777 | D:3      | Found a faded altar of an unknown god.
  2863 | D:3      | Found a stormy altar of Qazlal.
  3018 | D:3      | Reached *** piety under Trog
  3094 | D:3      | Noticed Ijyb
  3100 | D:3      | Blown up by Ijyb

Illustrated notes

Levels and vault maps discovered:
D:1:      ebering_trefoil_twist, layout_loops_ring, serial_forest,
          infiniplex_forest_lined_corner, infiniplex_forest_lined_1,
          infiniplex_forest_clump_double, infiniplex_forest_lined_3_way,
          infiniplex_forest_clump_large
D:2:      layout_basic, uniq_jessica
D:3:      layout_basic, marbit_many_paths, chequers_ecumenical_altar_simple,
          uniq_ijyb

Skill      XL: |  1  2  3  4  5 |
---------------+----------------+-----
Fighting       | 4 |  4.4
Axes           | 5 |  5.8
Dodging        | 2 |  2.1
Throwing       | 1 |  1.6
Armour         | 3 |  3.0
Stealth        | |  0.3

Action                   |  1- 3 |  4- 6 || total
-------------------------+-------+-------++-------
Melee: Hand axe          |   106 |    55 ||   161
Throw: Boomerang         |     8 |    61 ||    69
  Use: Scroll            |       |     5 ||     5
  Eat: Chunk             |     2 |     5 ||     7
Armor: Animal skin       |    14 |       ||    14
       Chain mail        |    18 |    22 ||    40
       Ring mail         |       |    10 ||    10
Dodge: Dodged            |    62 |    35 ||    97

Table legend:
 A = Non-vault XP
 B = Vault XP
 C = Vault XP percentage of total XP
 D = Non-vault monster count
 E = Vault monster count
 F = Vault count percentage of total count
                 A         B        C        D         E       F
            +---------+---------+-------+---------+---------+-------
      Total |     213 |      38 |  15.1 |      59 |       2 |   3.3
            +---------+---------+-------+---------+---------+-------
        D:1 |      32 |       0 |   0.0 |      16 |       0 |   0.0
        D:2 |     106 |      37 |  25.9 |      29 |       1 |   3.3
        D:3 |      75 |       1 |   1.3 |      14 |       1 |   6.7
            +---------+---------+-------+---------+---------+-------
